 Dungeon Crawl Stone Soup version 0.29-a0-925-g0a7a3d12f8 (webtiles) character file.

Game seed: 14100104469966142509

364 quixfox the Digger (level 6, -20/32 HPs)
             Began as a Gargoyle Earth Elementalist on July 29, 2022.
             Demolished by an ogre
             ... wielding a +0 giant club
              (33 damage)
             ... on level 4 of the Dungeon.
             The game lasted 00:05:01 (3962 turns).

quixfox the Digger (Gargoyle Earth Elementalist)    Turns: 3962, Time: 00:05:01

Health: -20/32     AC:  7    Str: 12    XL:     6   Next: 67%
Magic:  9/12       EV: 11    Int: 17    God:
Gold:   217        SH:  0    Dex: 10    Spells: 7/13 levels left

rFire   . . .      SeeInvis .   d - +0 whip
rCold   . . .      Faith    .   (no shield)
rNeg    + . .      Spirit   .   a - +0 robe
rPois   ∞          Reflect  .   (no helmet)
rElec   +          Harm     .   (no cloak)
rCorr   .          Rampage  .   (no gloves)
Will    +....                   s - +0 pair of boots
Stlth   ++........              (no amulet)
HPRegen 0.10/turn               p - ring of willpower
MPRegen 0.13/turn               (no ring)

@: no status effects
A: sickness immunity, AC +4, negative energy resistance 1, electricity
resistance, torment resistance 1, petrification resistance
a: no special abilities


You were on level 4 of the Dungeon.
You visited 1 branch of the dungeon, and saw 4 of its levels.

You collected 217 gold pieces.

Inventory:

Hand Weapons
 d - a +0 whip (weapon)
Armour
 a - a +0 robe (worn)
 s - a +0 pair of boots (worn)
Jewellery
 f - a +6 ring of intelligence
 p - a ring of willpower (left hand)
Wands
 l - a wand of flame (7)
Scrolls
 e - 4 scrolls of silence {unknown}
 j - 2 scrolls of magic mapping
 k - a scroll of enchant armour {unknown}
 n - 2 scrolls of vulnerability
 o - a scroll of summoning
 q - a scroll of immolation
 t - a scroll of blinking {unknown}
 u - 2 scrolls of butterflies {unknown}
Potions
 b - 2 potions of magic
 c - 4 potions of curing
 g - a potion of flight {unknown}
 h - 2 potions of lignification
 i - 3 potions of attraction {unknown}
 m - a potion of haste {unknown}
 r - 3 potions of heal wounds


   Skills:
 - Level 1.5 Dodging
 - Level 2.1 Stealth
 + Level 4.1 Spellcasting
 + Level 3.4 Conjurations
 - Level 0.7 Transmutations
 + Level 6.0 Earth Magic


You had 7 spell levels left.
You knew the following spells:

 Your Spells              Type           Power      Damage    Failure   Level
a - Sandblast             Erth           46%        2d11      1%          1
b - Passwall              Tmut/Erth      11%        N/A       6%          2
c - Stone Arrow           Conj/Erth      38%        3d9       7%          3

Your spell library contained the following spells:

 Spells                   Type           Power      Damage    Failure   Level
 Blink                    Tloc           6%         N/A       24%         2
 Petrify                  Tmut/Erth      14%        N/A       36%         4
 Lesser Beckoning         Tloc           3%         N/A       43%         3
 Portal Projectile        Hex/Tloc       6%         N/A       43%         3
 Freezing Cloud           Conj/Ice/Air   3%         6-21      95%         5
 Manifold Assault         Tloc           3%         N/A       99%         5
 Malign Gateway           Summ/Tloc      1%         N/A       100%        7


Dungeon Overview and Level Annotations

Branches:
Dungeon (4/15)
 Temple: D:4-7

Altars:
Fedhas
Yredelemnul

Annotations:
D:4 2 runed translucent doors


Innate Abilities, Weirdness & Mutations

You are immune to sickness and miasma.
Your stone body is resilient. (AC +4)
You are immune to poison.
You resist negative energy. (rN+)
You are resistant to electric shocks. (rElec)
You are resistant to unholy torment.
You are immune to petrification.


Message History

You kill the iguana!
The endoplasm freezes you.
You are frozen.
The endoplasm hits you but does no damage.
Your Earth Magic skill increases to level 6!
The blast of sand hits the endoplasm!
You kill the endoplasm!
There is a stone staircase leading up here.
t - a scroll labelled IMIAWI ROEJIPS
Found a stone staircase leading up.
Found 12 gold pieces.
You see here a +1 chain mail of poison resistance.
u - 2 scrolls labelled NEOFESCH NERAKK You see here a +1 chain mail of poison resistance.
You now have 217 gold pieces (gained 12).
You see here a +1 chain mail of poison resistance.
You see here a +1 chain mail of poison resistance.
You see here a +0 short sword.
Found a short sword.
You see here a +0 short sword.
You see here a +0 short sword.
An ogre comes into view. It is wielding a +0 giant club.
The ogre shouts!
You can't see any susceptible monsters within range! (Use Z to cast anyway.)
The blast of sand hits the ogre.
The ogre is moderately wounded.
The blast of sand hits the ogre!
The ogre is severely wounded.
The ogre closely misses you.
The ogre hits you with a +0 giant club!!
Ouch! That really hurt!
You are too injured to fight recklessly!
Aiming: Sandblast (safe; 1% risk of failure)
Press: ? - help, Q - select action, (/) - cycle Shift-Dir - straight line, f/p - ogre
Aim: an ogre, wielding a +0 giant club (severely wounded, 92% to hit)
The blast of sand hits the ogre.
The ogre is severely wounded.
The ogre hits you with a +0 giant club!!
Ouch! That really hurt!
You die...

*,* *,,* #.# #..##.#.# *,*
*,,******### #.# #.###.#.#
*,* *,,,,,,,,..# #.# #.#
#.#.# *,* *,,******#.# #.#
#.# #.#.# *,*****,** #.#
#.####.###...# ,*,,,,,,,*
#.# #...).......##
*,*****,,* #.#
######.####.# ,,* *,,*
##.########.####.## *,*
*,,*****#O@................
*,*
*,,.................####...
*,* ***........##########
###. *,*
*.########********* #. *,*
*,* *,,,,,,,* #. *,* *,*
*,*****,* #. *,* *,*****
*,* *,* #. *,* *,,,,,* *,*
*,* #. *,***********,* *,*
*,* #.


You could see an ogre.

Vanquished Creatures
  2 orc priests (D:3)
  Jessica (D:3)
  An iguana (D:4)
  Natasha (thrice) (D:2)
  Terence (D:2)
  3 gnolls (D:4)
  4 adders
  A worm (D:3)
  3 dart slugs
  10 orcs (D:3)
  6 bats
  8 endoplasms
  2 giant cockroaches (D:1)
  10 goblins
  4 hobgoblins
  4 quokkas
  A ball python (D:1)
  3 frilled lizards
  8 kobolds
  A rat (D:1)
76 creatures vanquished.

Notes
Turn   | Place    | Note
-------+----------+-------------------------------------------
     0 | D:1      | quixfox the Gargoyle Earth Elementalist began the quest for
                  | the Orb.
     0 | D:1      | Reached XP level 1. HP: 10/10 MP: 3/3
   210 | D:1      | Reached skill level 4 in Earth Magic
   210 | D:1      | Reached XP level 2. HP: 15/15 MP: 3/5
   500 | D:1      | Reached XP level 3. HP: 19/19 MP: 4/6
   503 | D:1      | Learned a level 2 spell: Passwall
   507 | D:1      | Learned a level 3 spell: Stone Arrow
  1140 | D:2      | Noticed Terence
  1144 | D:2      | Killed Terence
  1145 | D:2      | Reached skill level 1 in Conjurations
  1145 | D:2      | Reached XP level 4. HP: 23/24 MP: 4/8
  1225 | D:2      | Got Sif Muna's Excursus on Twisted Air
  1330 | D:2      | Found a faded altar of an unknown god.
  1355 | D:2      | Noticed Natasha
  1360 | D:2      | Killed Natasha
  1371 | D:2      | Noticed Natasha
  1375 | D:2      | Killed Natasha
  1376 | D:2      | Reached skill level 5 in Earth Magic
  1376 | D:2      | Reached XP level 5. HP: 13/28 MP: 3/9
  1623 | D:2      | Noticed Natasha
  1629 | D:2      | Killed Natasha
  2113 | D:3      | Found a blossoming altar of Fedhas.
  2310 | D:3      | Noticed Jessica
  2314 | D:3      | Killed Jessica
  2400 | D:3      | Reached XP level 6. HP: 17/32 MP: 7/11
  3593 | D:4      | Found a large runed translucent door.
  3594 | D:4      | Found a large runed translucent door.
  3652 | D:4      | Found a basalt altar of Yredelemnul.
  3744 | D:4      | Reached skill level 6 in Earth Magic
  3962 | D:4      | Demolished by an ogre

Illustrated notes

Levels and vault maps discovered:
D:1:      minmay_arrival_doors, layout_loops_ring
D:2:      layout_loops_ring, shapermc_ecumenical_altar_venn, uniq_natasha,
          uniq_terence
D:3:      layout_loops_ring, fedhas_ov_isle_minmay, uniq_jessica
D:4:      layout_loops_ring, lemuel_round_altar, jmf_multi_god_temple2,
          grunt_ministairs_9, dreamdust_wishing_well

Skill      XL: |  1  2  3  4  5  6 |
---------------+-------------------+-----
Earth Magic    | 4 5 6 |  6.0
Spellcasting   | 3 4 |  4.1
Conjurations   | 1 2 3 |  3.4
Dodging        | |  1.5
Stealth        | |  2.1
Transmutations | |  0.7

Action                   |  1- 3 |  4- 6 || total
-------------------------+-------+-------++-------
Melee: Unarmed           |     2 |       ||     2
 Cast: Sandblast         |    42 |    87 ||   129
  Use: Scroll            |       |    10 ||    10
Armor: Robe              |     9 |    36 ||    45
Dodge: Dodged            |    18 |    65 ||    83

Table legend: (Time is in decaauts)
 A = Elapsed time spent in this place.
 B = Non-inter-level travel time spent in this place.
 C = Inter-level travel time spent in this place.
 D = Time resting spent in this place.
 E = Time spent auto-exploring this place.
 F = Levels seen in this place.
 G = Mean time per level.
                   A        B        C        D        E       F      G
               +--------+--------+--------+--------+--------+-----+--------+
         Total |   4097 |   4032 |     65 |    462 |   3032 |   4 | 1024.2 |
       Dungeon |   4097 |   4032 |     65 |    462 |   3032 |   4 | 1024.2 |
               +--------+--------+--------+--------+--------+-----+--------+

Top non-repeatable levels by time:
     D:2: 1497 daAuts
     D:3: 1061 daAuts
     D:1: 865 daAuts
     D:4: 673 daAuts
